[Event "Late-Titled-Tuesday-Blitz-October-17-2023"]
[Site "Chess.com"]
[Date "2023.10.17"]
[Round "2"]
[White "YouShallNotPass001"]
[Black "OLDTERMINATOR"]
[Result "1-0"]
[WhiteElo "2392"]
[BlackElo "1648"]
[TimeControl "180+1"]
[EndTime "14:16:20 PDT"]
[Termination "YouShallNotPass001 won on time"]

1. Nf3 Nf6 2. e3 g6 3. Be2 Bg7 4. O-O d5 5. d4 O-O 6. c4 c6 7.
Nc3 b6 8. b4 Bb7 9. a4 Nbd7 10.
Ba3 Re8 11. Rc1 e5 12. cxd5 exd4 13. Nxd4 cxd5 14. Ncb5 Ne5 15. Nc7 Rc8 16. Nxe8 Qxe8 17. Rxc8 Qxc8 18. Qb3 Qd7 19. Rc1 Ne4 20. Qc2 f5 21.
Qc7 Qxa4 22. Qxb7 Qxa3 23. Qxd5+ Nf7 24. Rc8+ 1-0

[Event "Late-Titled-Tuesday-Blitz-October-17-2023"]
[Site "Chess.com"]
[Date "2023.10.17"]
[Round "2"]
[White "Skatchkov_V"]
[Black "Sanan_Sjugirov"]
[Result "0-1"]
[WhiteElo "2592"]
[BlackElo "2947"]
[TimeControl "180+1"]
[EndTime "14:16:23 PDT"]
[Termination "Sanan_Sjugirov won by resignation"]

1. d4 Nf6 2. c4 e6 3. Nf3 b6 4. g3 Bb7 5. Bg2 Bb4+ 6. Bd2 c5 7. Bxb4 cxb4 8. O-O O-O 9. Qd3 d6 10.
Nbd2 Qe7 11. e4 e5 12. Ne1 Nc6 13. Nc2 a5 14. Rfe1 Rfe8 15. a3 bxa3 16. Rxa3 exd4 17. Nxd4 Nb4 18. Qb1 g6 19. Rae3 Rad8 20. h3 Nd7 21. Nf5 Qf8 22. Nd4 Nc5 23. Kh2 Qg7 24. Nb5 Bc6 25. Nc7 Re7 26. Nd5 Bxd5 27. exd5 Rxe3 28. Rxe3 Qd4 29. Nf3 Qf6 30. b3 Kg7 31. Qe1 Nc2 32. Qf1 Nxe3 33. fxe3 Re8 34. Qe1 Nxb3 35. g4 h6 36. Qg3 Rxe3 37. Qf2 Qf4+ 38. Kh1 Nd4 0-1

[Event "Late-Titled-Tuesday-Blitz-October-17-2023"]
[Site "Chess.com"]
[Date "2023.10.17"]
[Round "2"]
[White "DawidCzerw"]
[Black "frederiksvane"]
[Result "0-1"]
[WhiteElo "2554"]
[BlackElo "2891"]
[TimeControl "180+1"]
[EndTime "14:16:23 PDT"]
[Termination "frederiksvane won on time"]

1. e4 e6 2. d4 d5 3. Nc3 Nf6 4. Bg5 dxe4 5. Nxe4 Nbd7 6. Nxf6+ Nxf6 7. Nf3 h6 8. Bh4 Bd6 9. Bd3 O-O 10. O-O b6 11.
Qe2 Bb7 12. c3 c5 13. dxc5 Bxc5 14.
Rad1 Qc7 15. Bxf6 gxf6 16. Be4 Rad8 17. Bxb7 Qxb7 18. Nd4 f5 19. Qh5 Bxd4 20. cxd4 Kh7 21. Rd3 Rg8 22. g3 Rd5 23. Rc1 Qe7 24. Qd1 Rgd8 25.
Qa4 R8d7 26. Qa3 Qxa3 27. Rxa3 Rxd4 28. Kg2 Rd2 29. b3 Rb2 30. Rf1 Kg6 31. Ra4 h5 32. h4 a5 33. Kh3 Rdd2 34. Kg2 Rxa2 35. Rc4 Rab2 36. Rc3 Rbc2 37. Rf3 e5 38. Rb1 e4 39.
Rf4 e3 40. Rg1 e2 0-1

[Event "Late-Titled-Tuesday-Blitz-October-17-2023"]
[Site "Chess.com"]
[Date "2023.10.17"]
[Round "2"]
[White "Haykoooo0o"]
[Black "TheMagician"]
[Result "1-0"]
[WhiteElo "2447"]
[BlackElo "2172"]
[TimeControl "180+1"]
[EndTime "14:16:27 PDT"]
[Termination "Haykoooo0o won by resignation"]

1. d4 Nf6 2. Nf3 g6 3. Bf4 Bg7 4. h3 d6 5. e3 O-O 6. c3 b6 7. Be2 Bb7 8. O-O Nbd7 9. Bh2 Ne4 10. Nbd2 Ndf6 11. Rc1 Nxd2 12. Nxd2 Re8 13. b4 Nd7 14. Qb3 e5 15. Nf3 Qe7 16. Rfd1 a6 17. c4 Rab8 18.
a3 Kh8 19. Qc2 f5 20. c5 Be4 21. Qd2 exd4 22. cxd6 cxd6 23. Nxd4 Nf6 24. Nc6 Bxc6 25.
Rxc6 Ne4 26. Qc2 a5 27. b5 Nxf2 28. Kxf2 Qxe3+ 29. Kf1 Be5 30. Bxe5+ dxe5 31. Qc3 Qxc3 32. Rxc3 Red8 33. Rxd8+ Rxd8 34. Rc6 Rd4 35. Rxb6 Ra4 36. Rb8+ Kg7 37. b6 Rxa3 38. b7 Rb3 39. Rg8+ Kxg8 40. Bc4+ 1-0

[Event "Late-Titled-Tuesday-Blitz-October-17-2023"]
[Site "Chess.com"]
[Date "2023.10.17"]
[Round "2"]
[White "tylityli"]
[Black "borocotoajua"]
[Result "0-1"]
[WhiteElo "2348"]
[BlackElo "2567"]
[TimeControl "180+1"]
[EndTime "14:16:29 PDT"]
[Termination "borocotoajua won by resignation"]

1. d4 Nf6 2. c4 g6 3. Nc3 d5 4. cxd5 Nxd5 5. Bd2 Bg7 6. e4 Nb6 7.
Be3 O-O 8. Be2 Nc6 9. Nf3 Bg4 10. d5 Bxf3 11. Bxf3 Ne5 12. Be2 Nbc4 13. Bd4 Nxb2 14. Qd2 Nbc4 15. Bxc4 Nxc4 16. Qd3 Ne5 17. Qd2 c5 18. dxc6 Nf3+ 19. gxf3 Qxd4 20. Qxd4 Bxd4 21. Rc1 bxc6 22. O-O Rab8 23. Rfd1 e5 24. f4 Rb2 25.
fxe5 Bxf2+ 26. Kh1 Re8 27. Rd6 Be3 28. Rcd1 Rxe5 29. Rxc6 Rh5 0-1

[Event "Late-Titled-Tuesday-Blitz-October-17-2023"]
[Site "Chess.com"]
[Date "2023.10.17"]
[Round "2"]
[White "mfwagnerpeixoto"]
[Black "topin8"]
[Result "0-1"]
[WhiteElo "2314"]
[BlackElo "2504"]
[TimeControl "180+1"]
[EndTime "14:16:30 PDT"]
[Termination "topin8 won by resignation"]

1. d4 Nf6 2. Nf3 c5 3. e3 g6 4. c4 Bg7 5. Nc3 O-O 6. Be2 d6 7. O-O Bf5 8. h3 cxd4 9. Nxd4 Bd7 10. Bf3 Nc6 11. b3 Nxd4 12. exd4 Bc6 13. d5 Bd7 14. Bb2 a6 15. a4 Rb8 16. Re1 b5 17. axb5 axb5 18.
Nxb5 Bxb5 19. cxb5 Rxb5 20. Ra7 Re8 21. Qd3 Qb8 22.
Rexe7 Rxe7 23. Rxe7 Rxb3 24. Bc3 Qc8 25. Re3 Bh6 26.
Bxf6 Rxd3 27. Rxd3 Qf5 0-1

[Event "Late-Titled-Tuesday-Blitz-October-17-2023"]
[Site "Chess.com"]
[Date "2023.10.17"]
[Round "2"]
[White "VincentKeymer"]
[Black "BasilSmash"]
[Result "1-0"]
[WhiteElo "3088"]
[BlackElo "2639"]
[TimeControl "180+1"]
[EndTime "14:16:31 PDT"]
[Termination "VincentKeymer won on time"]

1. a3 d5 2. Nf3 Nf6 3. e3 c6 4.
c4 e6 5. b4 a5 6. b5 cxb5 7.
cxd5 Nxd5 8. Bxb5+ Bd7 9. Be2 Nc6 10. O-O Be7 11. d4 O-O 12. e4 Nf6 13. Nc3 Rc8 14.
Bb2 Na7 15. Rb1 b5 16. d5 b4 17. axb4 axb4 18. Na2 exd5 19. exd5 Qa5 20. d6 Bd8 21. Nxb4 Re8 22. Nd3 Qd5 23. Nde5 Qxd1 24. Rfxd1 Nc6 25. Nxd7 Nxd7 26. Bb5 Bb6 27. Rbc1 Ncb8 28. Ne5 Rxc1 29. Rxc1 Rd8 30. Nc4 Bc5 31. Bc3 Kf8 32. Ba5 Rc8 33. Bc7 f6 34. g3 Kf7 35. Re1 Rf8 36. Re7+ Kg6 37. Bxd7 Nxd7 38. Rxd7 1-0

[Event "Late-Titled-Tuesday-Blitz-October-17-2023"]
[Site "Chess.com"]
[Date "2023.10.17"]
[Round "2"]
[White "JSlaby"]
[Black "kirillshevchenko"]
[Result "0-1"]
[WhiteElo "2584"]
[BlackElo "2924"]
[TimeControl "180+1"]
[EndTime "14:16:31 PDT"]
[Termination "kirillshevchenko won by resignation"]

1. e4 c6 2. d4 d5 3. Nc3 dxe4 4. Nxe4 Nf6 5. Ng3 h5 6. h4 c5 7. Nf3 Bg4 8. c3 Nc6 9. Be2 cxd4 10. Nxd4 Bxe2 11.
Ngxe2 Nxd4 12. Qxd4 e6 13. Bg5 Qxd4 14. Nxd4 Ne4 15.
Be3 O-O-O 16. f3 Nd6 17. O-O-O e5 18. Nc2 a6 19. b3 Nf5 20. Bf2 Rxd1+ 21. Rxd1 Be7 22. g3 Rh6 23. Ne3 Nxe3 24. Bxe3 Rg6 25. Bf2 Rf6 26. Rd3 e4 27. Re3 Rxf3 28. Rxf3 exf3 29. Kd2 g5 30. hxg5 Bxg5+ 31. Kd3 f5 32. Kd4 Bf6+ 33. Kd5 Bxc3 34. Ke6 f4 35. gxf4 h4 36.
Bxh4 Bd4 37. f5 f2 38. Bxf2 Bxf2 39. f6 Kc7 40. b4 Bg3 41. a4 Bd6 42. b5 axb5 43.
axb5 Ba3 44. f7 Kb6 0-1

[Event "Late-Titled-Tuesday-Blitz-October-17-2023"]
[Site "Chess.com"]
[Date "2023.10.17"]
[Round "2"]
[White "BardArtem"]
[Black "Mindhunter08"]
[Result "1-0"]
[WhiteElo "2751"]
[BlackElo "2457"]
[TimeControl "180+1"]
[EndTime "14:16:33 PDT"]
[Termination "BardArtem won on time"]

1. e4 e5 2. d4 exd4 3. Qxd4 Nc6 4. Qd3 Nf6 5. Nc3 Bb4 6. Bd2 O-O 7. Nge2 Ne5 8. Qg3 Nc4 9. Bg5 d6 10. O-O-O Be6 11. Nf4 Bxc3 12. Qxc3 Ne5 13. f3 Nxe4 14.
fxe4 Qxg5 15. g3 Ng4 16. h4 Qe5 17. Qd2 Bxa2 18. Bh3 Nf6 19. Nd3 Qd4 20. Rhe1 Bc4 21. e5 dxe5 22. Nxe5 Qxd2+ 23. Rxd2 Bd5 24. g4 c6 25. Rd4 Rad8 26. g5 Nh5 27. Red1 Rfe8 28. Ng4 Rd7 29. c4 1-0

[Event "Late-Titled-Tuesday-Blitz-October-17-2023"]
[Site "Chess.com"]
[Date "2023.10.17"]
[Round "2"]
[White "koncheto"]
[Black "gmcorrales"]
[Result "1-0"]
[WhiteElo "2555"]
[BlackElo "2847"]
[TimeControl "180+1"]
[EndTime "14:16:38 PDT"]
[Termination "koncheto won by checkmate"]

1. e4 c5 2. Nf3 Nc6 3. d4 cxd4 4. Nxd4 Nf6 5. Nc3 d6 6. Bg5 Bd7 7. Qd2 a6 8. O-O-O e6 9. f4 b5 10. a3 h6 11. Bxf6 Qxf6 12. e5 dxe5 13. Ndxb5 O-O-O 14. Nd6+ Kc7 15. fxe5 Nxe5 16. Nce4 Nd3+ 17. Bxd3 Qe5 18. Nc4 Qd5 19. Qf4+ e5 20. Nxe5 g5 21. Qg3 Qa2 22.
Nxd7+ Kb7 23. Bxa6+ Kxa6 24. Nec5+ Kb5 25. a4+ Ka5 26.
Qc3# 1-0

[Event "Late-Titled-Tuesday-Blitz-October-17-2023"]
[Site "Chess.com"]
[Date "2023.10.17"]
[Round "2"]
[White "aNaartjieZA"]
[Black "Rikikits"]
[Result "0-1"]
[WhiteElo "2520"]
[BlackElo "2814"]
[TimeControl "180+1"]
[EndTime "14:16:40 PDT"]
[Termination "Rikikits won by resignation"]

1. e4 c6 2. d3 d5 3. Nd2 g6 4. Ngf3 Bg7 5. g3 e5 6. Bg2 Ne7 7. O-O O-O 8. Re1 Nd7 9. a4 Re8 10. b3 c5 11. Bb2 d4 12. Nc4 Nc6 13. Nd6 Re6 14. Nxc8 Rxc8 15. Rf1 Rc7 16. Nd2 Bh6 17. Nc4 Rf6 18. Bc1 Bxc1 19. Qxc1 Nb6 20. Nxb6 axb6 21.
Qg5 Rd6 22. Qd2 f6 23. f4 Rf7 24. f5 g5 25. Bf3 Rg7 26. Qe2 Qa8 27. Kg2 Qa5 28.
Rf2 Kf8 29. Rh1 Ke7 30. h4 gxh4 31. Rxh4 Rd8 32. g4 Rdg8 33. Kh1 Nd8 34. Rfh2 Nf7 35. Rxh7 Ng5 36. Rxg7+ Rxg7 37. Bg2 Qc3 38. Rh8 Nf7 39. Rh5 Qa1+ 40. Kh2 Qc1 41. Qf2 Rxg4 42. Rh7 Qg5 43. Bf3 Qf4+ 44. Kh1 Rg3 0-1

[Event "Late-Titled-Tuesday-Blitz-October-17-2023"]
[Site "Chess.com"]
[Date "2023.10.17"]
[Round "2"]
[White "wadsy27"]
[Black "NowInChess"]
[Result "1-0"]
[WhiteElo "2661"]
[BlackElo "2238"]
[TimeControl "180+1"]
[EndTime "14:16:42 PDT"]
[Termination "wadsy27 won on time"]

1. Nf3 Nf6 2. g3 g6 3. Bg2 Bg7 4. O-O O-O 5. c4 d6 6. Nc3 e5 7.
d3 Nc6 8. Rb1 a5 9. a3 h6 10. b4 axb4 11. axb4 Be6 12. b5 Ne7 13. Nd2 d5 14. cxd5 Nexd5 15. Bb2 Nxc3 16. Bxc3 Nd5 17. Bb2 Qd7 18. Nc4 f6 19. b6 Nxb6 20. Nxb6 cxb6 21.
d4 Bh3 22. dxe5 Qxd1 23. Rfxd1 Bxg2 24. exf6 Bxf6 25. Kxg2 Ra2 26. Rd2 Rc8 27. Bc3 Rxd2 28. Bxd2 Rc2 29. Bxh6 Rxe2 30. Be3 Bd8 31. Bxb6 Be7 32.
Be3 g5 33. h3 1-0

[Event "Late-Titled-Tuesday-Blitz-October-17-2023"]
[Site "Chess.com"]
[Date "2023.10.17"]
[Round "2"]
[White "vidavi"]
[Black "C_K_G"]
[Result "1-0"]
[WhiteElo "2397"]
[BlackElo "1894"]
[TimeControl "180+1"]
[EndTime "14:16:42 PDT"]
[Termination "vidavi won on time"]

1. e4 c5 2. Nf3 d6 3. d4 cxd4 4.
Nxd4 Nf6 5. Nc3 a6 6. Bg5 e5 7. Nf5 Bxf5 8. exf5 Nbd7 9. Bc4 Be7 10. O-O O-O 11.
a4 d5 12. Bxf6 dxc4 13. Bxe7 Qxe7 14. Qd5 Nb6 15. Qe4 Rfd8 16. Rfe1 Qb4 17. Qxb7 Qxb2 18.
Ne4 Nxa4 19. Qxb2 Nxb2 20. Reb1 Rdb8 21. Nc3 Rb6 22. Kf1 Rab8 23. Ke2 h6 24. Re1 Rc6 25.
Ra2 h5 26. g3 g6 27. Rb1 1-0

[Event "Late-Titled-Tuesday-Blitz-October-17-2023"]
[Site "Chess.com"]
[Date "2023.10.17"]
[Round "2"]
[White "Deeper44"]
[Black "GM_dmitrij"]
[Result "0-1"]
[WhiteElo "2634"]
[BlackElo "3045"]
[TimeControl "180+1"]
[EndTime "14:16:46 PDT"]
[Termination "GM_dmitrij won by resignation"]

1. d4 Nf6 2. c4 e6 3. g3 c5 4.
d5 exd5 5. cxd5 d6 6. Nc3 g6 7. Bg2 Bg7 8. Nf3 O-O 9. O-O Re8 10. Nd2 a6 11. a4 Nbd7 12. h3 Nh5 13. Nde4 Ne5 14. f4 Nc4 15. g4 Nf6 16. Qd3 Nxe4 17. Nxe4 Nxb2 18. Bxb2 Bxb2 19. Rab1 Bg7 20. f5 Be5 21. Qf3 gxf5 22. gxf5 Kh8 23. Qh5 f6 24. Kh1 Qe7 25. Bf3 Rg8 26. Rg1 Rxg1+ 27. Kxg1 Rb8 28. a5 Bd7 29. Kh1 c4 30. Rc1 Rc8 31. Qg4 c3 32. h4 Qg7 33. Qxg7+ Kxg7 34. Kg2 c2 35. Kf2 Bb2 36. Nxd6 Bxc1 0-1

[Event "Late-Titled-Tuesday-Blitz-October-17-2023"]
[Site "Chess.com"]
[Date "2023.10.17"]
[Round "2"]
[White "sari07"]
[Black "Perecke"]
[Result "0-1"]
[WhiteElo "2334"]
[BlackElo "2518"]
[TimeControl "180+1"]
[EndTime "14:16:46 PDT"]
[Termination "Perecke won on time"]

1. Nf3 d5 2. c4 d4 3. e3 c5 4. exd4 cxd4 5. g3 Nc6 6. Bg2 e5 7. d3 Bc5 8. O-O a5 9. Re1 f6 10. Nbd2 Nge7 11. Ne4 Ba7 12. a3 O-O 13. Rb1 f5 14. Ned2 Qd6 15. b4 axb4 16. axb4 Nxb4 17. Nxe5 Nec6 18. Ba3 Bc5 19. Nxc6 Rxa3 20. Ne7+ Kh8 21. Nxc8 Rxc8 22. Bxb7 Rf8 23. Rb3 Nxd3 24. Re2 Ne5 25. Bd5 d3 26. Re1 Ra2 27. Rf1 Rxd2 28. Qxd2 Qxd5 0-1

[Event "Late-Titled-Tuesday-Blitz-October-17-2023"]
[Site "Chess.com"]
[Date "2023.10.17"]
[Round "2"]
[White "RamyresCoelho"]
[Black "Predator0608"]
[Result "0-1"]
[WhiteElo "2279"]
[BlackElo "2494"]
[TimeControl "180+1"]
[EndTime "14:16:46 PDT"]
[Termination "Predator0608 won by checkmate"]

1. e4 e5 2. Nf3 Nc6 3. d4 exd4 4. Bc4 Nf6 5. e5 d5 6. Bb5 Ne4 7. Nxd4 Bd7 8. Bxc6 bxc6 9. O-O Bc5 10. f3 Ng5 11. f4 Ne6 12. Be3 Nxd4 13. Bxd4 Bb6 14. f5 Qe7 15. Bxb6 cxb6 16. Qd4 O-O-O 17. a4 Kb7 18. a5 c5 19. Qxd5+ Bc6 20. a6+ Kc7 21. Qc4 Qxe5 22. Nc3 Rd2 23. Qxf7+ Kb8 24. Rf2 Qd4 25. Rf1 Re8 26. h3 Rxf2 27. Rxf2 Re1+ 28. Kh2 Qe5+ 29.
g3 Rh1# 0-1

[Event "Late-Titled-Tuesday-Blitz-October-17-2023"]
[Site "Chess.com"]
[Date "2023.10.17"]
[Round "2"]
[White "pedromartinez91"]
[Black "GadimbayliA"]
[Result "0-1"]
[WhiteElo "2527"]
[BlackElo "2836"]
[TimeControl "180+1"]
[EndTime "14:16:47 PDT"]
[Termination "GadimbayliA won by resignation"]

1. d4 d5 2. c4 e5 3. dxe5 d4 4.
Nf3 Nc6 5. g3 Nge7 6. Bg2 Ng6 7.
Bg5 Qd7 8. e6 fxe6 9. O-O e5 10.
a3 Qf7 11. Qb3 Bd6 12. Nbd2 h6 13. Bh4 O-O 14. Ne4 Bf5 15. Qd3 Nh8 16. Rac1 g5 17. Bxg5 Qg6 18. Nh4 Bxe4 19. Bxe4 Qxg5 20. c5 Be7 21. Qb3+ Nf7 22. Qxb7 Na5 23. Qxc7 Nb3 24. Nf5 Nxc1 25. Nxe7+ Kh8 26. h4 Nxe2+ 27. Kh2 Qf6 28. Ng6+ Kg7 29. Nxf8 Rxf8 30. c6 Nxg3 31. Rg1 Qxh4+ 32.
Kg2 Nxe4 33. Kf3+ Ng5+ 34. Ke2 Qe4+ 0-1

[Event "Late-Titled-Tuesday-Blitz-October-17-2023"]
[Site "Chess.com"]
[Date "2023.10.17"]
[Round "2"]
[White "ferdipy"]
[Black "shrek4life02"]
[Result "1-0"]
[WhiteElo "2380"]
[BlackElo "2691"]
[TimeControl "180+1"]
[EndTime "14:16:52 PDT"]
[Termination "ferdipy won by resignation"]

1. e4 e6 2. d4 d5 3. e5 c5 4. c3 Nc6 5. Nf3 f6 6. exf6 Nxf6 7.
Bd3 Bd6 8. Bg5 O-O 9. O-O e5 10. dxe5 Nxe5 11. Nxe5 Bxe5 12. g3 Bh3 13. Re1 Qc7 14.
Bxf6 gxf6 15. Qh5 Qd7 16. Nd2 Rf7 17. Nf3 Bc7 18. Nh4 Bg4 19. Qh6 c4 20. Bf1 Bb6 21. Bg2 d4 22. cxd4 Qxd4 23. Rf1 Re8 24.
Nf3 Qxb2 25. Qf4 Bxf3 26. Bxf3 Qd4 27. Qxd4 Bxd4 28. Rac1 b5 29. Bh5 Re2 30. Bxe2 Rc7 31. Rfd1 Bb6 32. a4 a6 33. axb5 axb5 34. Rb1 Rc5 35.
Rxb5 1-0

[Event "Late-Titled-Tuesday-Blitz-October-17-2023"]
[Site "Chess.com"]
[Date "2023.10.17"]
[Round "2"]
[White "aa175"]
[Black "h4parah5"]
[Result "1-0"]
[WhiteElo "2604"]
[BlackElo "2926"]
[TimeControl "180+1"]
[EndTime "14:16:59 PDT"]
[Termination "aa175 won by resignation"]

1. d4 Nf6 2. Nf3 d5 3. a3 Bf5 4. c4 e6 5. Qb3 Qc8 6. Bf4 c6 7. Nc3 Nbd7 8. Nh4 Bg6 9. h3 dxc4 10. Qxc4 Nd5 11. Nxg6 hxg6 12. Bg3 Be7 13. e4 N5b6 14. Qb3 c5 15. d5 c4 16. Qd1 exd5 17. exd5 O-O 18.
Be2 Re8 19. O-O Nc5 20. Bg4 f5 21. Bf3 Qd7 22. d6 Bf6 23. Nd5 Nd3 24. Nxb6 axb6 25. Bd5+ Kh7 26. Qf3 Bxb2 27. Rab1 Rxa3 28. Rxb2 f4 29.
Rxb6 fxg3 30. Qxg3 Re5 31. Bxc4 Qf5 32. Qh4+ Qh5 33.
Qxh5+ Rxh5 34. d7 1-0

[Event "Late-Titled-Tuesday-Blitz-October-17-2023"]
[Site "Chess.com"]
[Date "2023.10.17"]
[Round "2"]
[White "Tomytoteph"]
[Black "tptagain"]
[Result "0-1"]
[WhiteElo "2568"]
[BlackElo "2905"]
[TimeControl "180+1"]
[EndTime "14:17:01 PDT"]
[Termination "tptagain won by resignation"]

1. e4 c5 2. Nf3 Nc6 3. Bb5 e6 4. O-O Nge7 5. Re1 a6 6. Bf1 b6 7. c3 d5 8. exd5 Nxd5 9. d4 cxd4 10. Nxd4 Bb7 11. Nf3 Be7 12. Nbd2 O-O 13. Ne4 Qc7 14. Bg5 Bxg5 15. Nexg5 h6 16. Ne4 Rad8 17. Qc2 f5 18.
Ng3 Nf4 19. Qb3 Na5 20. Qc2 Bxf3 21. gxf3 Nc4 22. Rad1 Ne5 23. Bg2 Neg6 24. Qb3 Kh7 25. Ne2 Nxg2 26. Kxg2 Nh4+ 27. Kh1 Nxf3 28. Ng3 Nxe1 29.
Rxe1 e5 30. Qe6 Rde8 31. Qd5 e4 32. Re2 Qe5 33. Qb7 Rd8 34. Kg2 Rd6 35. Qxa6 f4 36.
Rxe4 Qd5 37. c4 Qc6 38. c5 fxg3 0-1

[Event "Late-Titled-Tuesday-Blitz-October-17-2023"]
[Site "Chess.com"]
[Date "2023.10.17"]
[Round "2"]
[White "olawsson"]
[Black "Levanzovsky"]
[Result "1/2-1/2"]
[WhiteElo "2101"]
[BlackElo "2413"]
[TimeControl "180+1"]
[EndTime "14:17:02 PDT"]
[Termination "Game drawn by repetition"]

1. d4 Nf6 2. c4 e6 3. Nf3 d5 4.
Nc3 Nbd7 5. Bg5 Be7 6. e3 O-O 7.
Rc1 h6 8. Bh4 c5 9. cxd5 Nxd5 10. Bg3 Nxc3 11. bxc3 b6 12. Bd3 Bb7 13. O-O Nf6 14. Qe2 Ne4 15. Be5 Bd6 16. Ba6 Bc6 17. Rfd1 Qe7 18. h3 Rfd8 19. Bxd6 Rxd6 20. Ne5 Bb7 21.
Bxb7 Qxb7 22. Qf3 Rad8 23. Nxf7 Qxf7 24. Qxe4 Rf8 25. f4 c4 26. Qf3 Rd5 27. Rb1 Ra5 28. Rb2 Qd7 29. e4 Qd6 30. e5 Qa3 31. Rdd2 Qe7 32.
Qc6 Rxf4 33. Qxc4 Qf7 34. Qd3 Qd7 35. Rf2 Rxf2 36. Rxf2 Rxe5 37. Qg6 Rf5 38. Rxf5 exf5 39. Qg3 Qd5 40. Qf3 Qxa2 41. Qxf5 Qf7 42. Qc8+ Kh7 43.
Qc6 Qf4 44. d5 Qe3+ 45. Kf1 Qf4+ 46. Kg1 Qc1+ 47. Kf2 Qd2+ 48. Kf3 Qd3+ 49. Kf4 Qd2+ 50. Kg3 Qg5+ 51. Kh2 Qf4+ 52. Kg1 1/2-1/2

[Event "Late-Titled-Tuesday-Blitz-October-17-2023"]
[Site "Chess.com"]
[Date "2023.10.17"]
[Round "2"]
[White "lamomiajunior"]
[Black "stasOR4ik"]
[Result "1-0"]
[WhiteElo "2734"]
[BlackElo "2440"]
[TimeControl "180+1"]
[EndTime "14:17:04 PDT"]
[Termination "lamomiajunior won by checkmate"]

1. d4 d5 2. c4 c6 3. Nc3 Nf6 4. Nf3 e6 5. Bg5 Be7 6. e3 Ne4 7. Bxe7 Qxe7 8. Nxe4 dxe4 9. Nd2 f5 10. Be2 O-O 11. O-O Nd7 12. Qc2 Kh8 13. f3 exf3 14. Nxf3 e5 15. Rae1 exd4 16. exd4 Nf6 17. Bd3 Qd6 18. Bxf5 Bxf5 19. Qxf5 Rae8 20. Qd3 a6 21. Ng5 Rxe1 22. Rxe1 h6 23. Nf3 Nh5 24. Ne5 Nf4 25. Qe4 Kg8 26. b3 Qf6 27. Nd7 Qg5 28. Nxf8 Nh3+ 29.
Kf1 Qf6+ 30. Ke2 Qf2+ 31. Kd1 Ng5 32. Qe8 Qxa2 33. Ne6+ Kh7 34. Nxg5+ hxg5 35. Qh5+ Kg8 36. Re8# 1-0

[Event "Late-Titled-Tuesday-Blitz-October-17-2023"]
[Site "Chess.com"]
[Date "2023.10.17"]
[Round "2"]
[White "dedpihto_v_kozhanom_palto"]
[Black "FabianoCaruana"]
[Result "0-1"]
[WhiteElo "2646"]
[BlackElo "3088"]
[TimeControl "180+1"]
[EndTime "14:17:06 PDT"]
[Termination "FabianoCaruana won by resignation"]

1. c4 e6 2. Nc3 d5 3. cxd5 exd5 4. d4 Be7 5. Nf3 c6 6. Qc2 Nf6 7. Bg5 O-O 8. e3 Nbd7 9. Bd3 Re8 10. O-O h6 11. Bh4 Nh5 12. Bg3 Nxg3 13. hxg3 Bd6 14.
Rab1 Nf6 15. b4 a6 16. a4 Bd7 17. b5 cxb5 18. axb5 a5 19. b6 Bb4 20. Na2 Rc8 21. Qb3 Bd6 22. Rfc1 a4 23. Qb2 Qe7 24. Rxc8 Rxc8 25.
Nc3 a3 26. Qa1 Bb4 27. Ne2 Ne4 28. Ne5 Be6 29. Nf4 Bd6 30. Rb3 Nd2 31. Rc3 Rxc3 32. Qxc3 Ne4 33. Qc1 Bxe5 34. dxe5 Qc5 35. Qb1 Nc3 36.
Qa1 a2 37. Bc2 d4 38. Nd3 Qxb6 39. exd4 Qxd4 40. Kh2 Ne2 41. Qe1 Qg4 42. Nf4 Nxf4 43. gxf4 Qxf4+ 44. g3 Qd4 0-1

[Event "Late-Titled-Tuesday-Blitz-October-17-2023"]
[Site "Chess.com"]
[Date "2023.10.17"]
[Round "2"]
[White "MKlose11"]
[Black "Baku_Boulevard"]
[Result "0-1"]
[WhiteElo "2625"]
[BlackElo "3005"]
[TimeControl "180+1"]
[EndTime "14:17:06 PDT"]
[Termination "Baku_Boulevard won by resignation"]

1. e4 c5 2. Nc3 d6 3. g3 Nc6 4.
Bg2 Nf6 5. d3 g6 6. h3 Bg7 7.
Be3 Rb8 8. Qd2 h5 9. Nge2 b5 10.
O-O b4 11. Nd1 h4 12. g4 Nxg4 13. hxg4 h3 14. Bh1 h2+ 15. Kg2 Bxg4 16. f3 Bh3+ 17. Kf2 Bxf1 18. Kxf1 Qd7 19. d4 Qh3+ 20. Kf2 cxd4 21.
Nxd4 Ne5 22. b3 Bf6 23. Ke2 Kf8 24. Nf2 Qh4 25. Rf1 a5 26. f4 Ng4 27. Nf3 Qg3 28.
Nxg4 Qxg4 29. Bd4 Rc8 30. Bxf6 exf6 31. Kd1 Kg7 32. Kc1 Rc3 33. Nd4 Qg1 34. Qd1 Qe3+ 35. Qd2 Rh3 36. Qxe3 Rcxe3 37. Kd2 Reg3 38. Ne2 Rg4 39.
Ra1 a4 40. bxa4 Ra3 41. Rb1 Rxa4 42. Rb3 Rg1 43. Bf3 Rxa2 44. Rxb4 Rf1 45. Bg2 Rf2 46.
Bh1 Ra1 47. Ke3 Rxe2+ 48. Kxe2 Rxh1 49. Rb3 Rc1 0-1

[Event "Late-Titled-Tuesday-Blitz-October-17-2023"]
[Site "Chess.com"]
[Date "2023.10.17"]
[Round "2"]
[White "kai_nov"]
[Black "djano"]
[Result "0-1"]
[WhiteElo "2285"]
[BlackElo "2678"]
[TimeControl "180+1"]
[EndTime "14:17:10 PDT"]
[Termination "djano won on time"]

1. d4 d5 2. c4 e6 3. Nc3 c5 4.
cxd5 cxd4 5. Qxd4 Nc6 6. Qd1 exd5 7. Qxd5 Bd6 8. Bg5 Nf6 9. Bxf6 Qxf6 10. O-O-O Be5 11.
Ne4 Qh6+ 12. e3 O-O 13. Nf3 Be6 14. Qb5 a6 15. Qb6 Bxa2 16. Nxe5 Rac8 17. Nc4 Bxc4 18. Bxc4 Ne5 19. Qxh6 Rxc4+ 20. Kb1 gxh6 21. Nd6 Rc7 22. Rd5 Ng4 23. Rf1 Rd8 24. e4 Rcd7 25. e5 Nxe5 26.
Rxe5 Rxd6 27. Rfe1 Rd2 28. R1e2 Rd1+ 29. Ka2 R8d7 30.
f4 Rf1 31. g3 Rh1 32. Rh5 Kg7 33. Rhe5 Rhd1 34. f5 Kf6 35. g4 R1d4 36. h3 h5 37. gxh5 Rh4 38. R5e3 Rxh5 0-1

[Event "Late-Titled-Tuesday-Blitz-October-17-2023"]
[Site "Chess.com"]
[Date "2023.10.17"]
[Round "2"]
[White "angryspacevoid"]
[Black "johnmez"]
[Result "0-1"]
[WhiteElo "2458"]
[BlackElo "2323"]
[TimeControl "180+1"]
[EndTime "14:17:11 PDT"]
[Termination "johnmez won by checkmate"]

1. d4 Nf6 2. Nc3 e6 3. e4 d5 4. e5 Nfd7 5. f4 c5 6. Nf3 a6 7.
Be3 Nc6 8. Qd2 b5 9. a3 Be7 10. Be2 Qb6 11. Nd1 a5 12. O-O Ba6 13. c3 O-O 14.
Nf2 b4 15. axb4 cxb4 16. g4 Bxe2 17. Qxe2 a4 18. f5 Qa6 19. Qd2 Qb5 20. h4 Nb6 21. Bg5 Nc4 22. Qc1 f6 23. exf6 Bxf6 24. Bxf6 Rxf6 25.
Nd3 exf5 26. g5 Rf7 27. Qf4 Re8 28. Rfe1 Re4 29. Qh2 Ne3 30. Nde5 Rf8 31. Re2 Ng4 32. Nxg4 Rxe2 33. Nf2 bxc3 34. bxc3 Qb2 35. Rf1 Qxc3 36. Qd6 Qxf3 37. Qxc6 Qg3+ 38. Kh1 Rxf2 39. Qxd5+ Kh8 40.
Rxf2 Qxf2 41. Qc5 Qxh4+ 42. Kg1 Qxg5+ 43. Kf2 Re8 44. Qc6 Qe3+ 45. Kf1 f4 46. d5 f3 47. Qc2 Qe1# 0-1

[Event "Late-Titled-Tuesday-Blitz-October-17-2023"]
[Site "Chess.com"]
[Date "2023.10.17"]
[Round "2"]
[White "Iball95"]
[Black "sjoerd893"]
[Result "1-0"]
[WhiteElo "2845"]
[BlackElo "2527"]
[TimeControl "180+1"]
[EndTime "14:17:12 PDT"]
[Termination "Iball95 won on time"]

1. e4 c5 2. Nf3 Nc6 3. Nc3 g6 4. d4 cxd4 5. Nxd4 Bg7 6. Nxc6 bxc6 7.
Bc4 e6 8. O-O Ne7 9. Qd6 O-O 10.
Bg5 Nf5 11. Qd2 f6 12. Bf4 Ne7 13. Qd6 Kh8 14. Rfd1 Qe8 15. Na4 f5 16. Bg5 Rf7 17. f3 fxe4 18. fxe4 Ng8 19. Rf1 h6 20. Rxf7 Qxf7 21.
Rf1 Qe8 22. Be3 Kh7 23. Nc5 Qe7 24. Qxe7 Nxe7 25. Rf7 Kg8 26. Rxe7 Kf8 27. Rxg7 Kxg7 28.
e5 Rb8 29. b3 h5 30. Kf2 a5 31.
a4 Kf7 32. Ke2 Ke7 33. Bd2 d5 34. exd6+ Kxd6 35. Nd3 Ra8 36. Bf4+ Ke7 37. Nc5 Ra7 38. Be5 Bd7 39. Ke3 Be8 40. Bxe6 1-0